 Dungeon Crawl Stone Soup version 0.29-a0-512-gf59ac788ac (webtiles) character file.

Game seed: 3542415861088405422

11 spaghetti the Sneak (level 2, -6/15 HPs)
             Began as a Vine Stalker Brigand on May 29, 2022.
             Killed by nerve-wracking pain
             ... invoked by Jessica
              (11 damage)
             ... on level 2 of the Dungeon.
             The game lasted 00:00:43 (427 turns).

spaghetti the Sneak (Vine Stalker Brigand)           Turns: 427, Time: 00:00:44

Health: -6/15      AC:  6    Str: 13    XL:     2   Next: 29%
Magic:  0/3        EV: 12    Int: 11    God:
Gold:   13         SH:  0    Dex: 15    Spells: 1/1 levels left

rFire   . . .      SeeInvis .   a - +2 dagger {short}
rCold   . . .      Faith    .   (no shield)
rNeg    . . .      Spirit   +   b - +0 robe
rPois   .          Reflect  .   (no helmet)
rElec   .          Harm     .   c - +0 cloak
rCorr   .          Rampage  .   i - +2 pair of gloves
Will    .....                   (no boots)
Stlth   +++.......              (no amulet)
HPRegen 0.05/turn               (no ring)
MPRegen 0.08/turn               (no ring)

@: no status effects
A: fangs 2, magic shield, antimagic bite, no potion heal 2
a: no special abilities


You were on level 2 of the Dungeon.
You visited 1 branch of the dungeon, and saw 2 of its levels.

You collected 13 gold pieces.


Innate Abilities, Weirdness & Mutations

You have extremely sharp teeth.
When hurt, damage is shared between your health and your magic reserves.
Your bite disrupts and absorbs the magic of your enemies.
Potions cannot restore your health.


   Skills:
 - Level 1.7 Fighting
 - Level 1.7 Short Blades
 - Level 1.7 Throwing
 + Level 1.3 Dodging
 - Level 4.8 Stealth
 + Level 1.2 Unarmed Combat


You had one spell level left.
You didn't know any spells.
Your spell library was empty.

Inventory:

Hand Weapons
 a - a +2 dagger (weapon) {short}
Missiles
 d - 9 poisoned darts (quivered) {throwing}
 e - 8 curare-tipped darts {=fthrowing}
 g - 3 atropa-tipped darts {throwing}
 j - 41 stones {throwing}
Armour
 b - a +0 robe (worn)
 c - a +0 cloak (worn)
 i - a +2 pair of gloves (worn)
   (You found it on level 1 of the Dungeon)
Potions
 f - a potion of heal wounds {unknown}
 h - a potion of degeneration {unknown}
 k - 2 potions of haste {unknown}
 l - 2 potions of lignification {unknown}

Dungeon Overview and Level Annotations

Branches:
Dungeon (1/15)

Altars:

Annotations:
D:2 Jessica

## .. .#
## .#.
#@# #@#
#.# #.#
#.###
#...#
###.#
#.#
###.####
.
#......#


You could see Jessica (fast, magic disrupted).


Message History

You finish putting on your +2 pair of gloves. 😮 MP[+1]
Your mp is fully restored (2).
The dart slug launches a dart at you. The slug dart misses you.
The dart slug closely misses you.
You hit the dart slug. You hit the dart slug. You bite the dart slug.
You drain its power.
The dart slug bites you but does no damage.
You hit the dart slug.
You kill the dart slug!
Your Unarmed Combat skill increases to level 1!
You have reached level 2! 😮 HP[+3] MP[+1]
You now have 15 max hp (+4).
You regained 3 hp, and now have 10/15 hp.
Your mp is fully restored (3).
Key pressed, stopping explore.
j - 19 stones {throwing} (gained 17) Key pressed, stopping explore.
A sourceless malevolence fills the Dungeon...
You fall into a shaft and drop 1 floor!
The shaft crumbles and collapses. 😎 HP[+5]
Your hp is fully restored (15).
Found a stone staircase leading up.
k - 2 grey potions A ball python comes into view.
A ball python is nearby!
The ball python hisses angrily.
You see here a fuming inky potion.
The ball python closely misses you. The ball python grabs you.
The ball python constricts you.
You closely miss the ball python. The ball python bites you.
The ball python constricts you. 😕 HP[-1]
You take 1 damage, and now have 14/15 hp.
You closely miss the ball python. The ball python closely misses you.
The ball python constricts you.
You hit the ball python. Your bite misses the ball python.
The ball python bites you.
The ball python constricts you. 😕 HP[-2] MP[-1]
You take 2 damage, and now have 12/15 hp.
You lost 1 mp, and now have 2/3 mp.
You barely miss the ball python. The ball python barely misses you.
The ball python constricts you. 😮 HP[-1]
You take 1 damage, and now have 11/15 hp.
Unknown command.
You hit the ball python.
You kill the ball python!
A kobold comes into view. It is wielding a +0 whip.
You see here a ball python corpse.
You are too injured to fight recklessly!
You hit the kobold.
You kill the kobold!
j - 24 stones {throwing} (gained 5)
You see here a +0 whip {mace}.
Key pressed, stopping explore.
l - a fuming inky potion 😎 HP[+4] MP[+1]
Your hp is fully restored (15).
Your mp is fully restored (3).
j - 41 stones {throwing} (gained 17)
l - 2 fuming inky potions (gained 1) Jessica the Apprentice Sorceress comes into view.
She is wielding a +0 dagger of speed.
Jessica shouts!
Jessica barely misses you.
Jessica mumbles some strange words.
Jessica seems to speed up.
You closely miss Jessica.
Jessica hits you with a +0 dagger of speed. 😎 MP[-1]
You lost 1 mp, and now have 2/3 mp.
You barely miss Jessica. Jessica hits you but does no damage.
Jessica points at you and mumbles some strange words.
Pain shoots through your body!
Ouch! That really hurt!
* * * LOW HITPOINT WARNING * * *
😨 HP[-8] MP[-1]
You take 8 damage, and now have 7/15 hp.
MASSIVE DAMAGE!! (PAUSE)
You lost 1 mp, and now have 1/3 mp.
Unknown command.
Unknown command.
You hit Jessica. You bite Jessica.
Jessica's magic leaks into the air.
You drain her magic.
You feel invigorated. Jessica closely misses you.
Jessica hits you with a +0 dagger of speed.
* * * LOW HITPOINT WARNING * * *
😨 HP[-2] MP[+1]
You take 2 damage, and now have 5/15 hp.
Okay, then.
You hit Jessica but do no damage.
Jessica looks very angry.
Jessica closely misses you. x2
You closely miss Jessica. Your bite misses Jessica. Jessica misses you.
Jessica points at you and mumbles some strange words.
Pain shoots through your body!
Ouch! That really hurt!
You die...

Skill      XL: |  1 |
---------------+----+-----
Dodging        | 1 |  1.3
Unarmed Combat | 1 |  1.2
Fighting       | |  1.7
Short Blades   | |  1.7
Throwing       | |  1.7
Stealth        | |  4.8

Action                   || total
-------------------------++-------
Melee: Dagger            ||    27
       Bite              ||     4
 Stab: Sleeping          ||     2
Armor: Robe              ||     6
Dodge: Dodged            ||    16

Levels and vault maps discovered:
D:1:      nzn_arrival_settlement, layout_loops_ring,
          hellmonk_ecumenical_altar_watching_god
D:2:      layout_loops_cross, serial_shops,
          nicolae_shop_competitors_out_of_business, minmay_misc_feat_x,
          uniq_jessica

Notes
Turn   | Place    | Note
-------+----------+-------------------------------------------
     0 | D:1      | spaghetti the Vine Stalker Brigand began the quest for the
                  | Orb.
     0 | D:1      | Reached XP level 1. HP: 11/11 MP: 2/2
     0 | D:1      | magus.rc [v1.9.6]
    33 | D:1      | Noticed a floating eye
    36 | D:1      | Found a faded altar of an unknown god.
    37 | D:1      | Noticed a golden eye
    37 | D:1      | Noticed a golden eye
    37 | D:1      | Noticed a golden eye
   132 | D:1      | Reached skill level 1 in Dodging
   187 | D:1      | Reached skill level 1 in Unarmed Combat
   187 | D:1      | Reached XP level 2. HP: 10/15 MP: 3/3
   296 | D:1      | You fall into a shaft and drop 1 floor!
   418 | D:2      | Noticed Jessica
   427 | D:2      | Killed from afar by Jessica

Vanquished Creatures
  A dart slug (D:1)
  An endoplasm (D:1)
  A giant cockroach (D:1)
  2 ball pythons
  A bat (D:1)
  3 kobolds
9 creatures vanquished.

Table legend:
 A = Non-vault XP
 B = Vault XP
 C = Vault XP percentage of total XP
 D = Non-vault monster count
 E = Vault monster count
 F = Vault count percentage of total count
                 A         B        C        D         E       F
            +---------+---------+-------+---------+---------+-------
      Total |      17 |       0 |   0.0 |       9 |       0 |   0.0
            +---------+---------+-------+---------+---------+-------
        D:1 |      13 |       0 |   0.0 |       7 |       0 |   0.0
        D:2 |       4 |       0 |   0.0 |       2 |       0 |   0.0
            +---------+---------+-------+---------+---------+-------

Illustrated notes

Table legend:
 A = Kills in this place as a percentage of kills in entire the game.
 B = Kills by you in this place as a percentage of kills by you in the entire game.
 C = Kills by friends in this place as a percentage of kills by friends in the entire game.
 D = Other kills in this place as a percentage of other kills in the entire game.
 E = Experience gained in this place as a percentage of experience gained in the entire game.
 F = Experience gained in this place divided by the number of levels of this place that you have seen.
                   A       B       C       D       E      F
               +-------+-------+-------+-------+-------+----------------------
         Total | 100.0 | 100.0 |   N/A |   N/A | 100.0 |   8.5
       Dungeon | 100.0 | 100.0 |   N/A |   N/A | 100.0 |   8.5
               +-------+-------+-------+-------+-------+----------------------

Table legend: (Time is in decaauts)
 A = Elapsed time spent in this place.
 B = Non-inter-level travel time spent in this place.
 C = Inter-level travel time spent in this place.
 D = Time resting spent in this place.
 E = Time spent auto-exploring this place.
 F = Levels seen in this place.
 G = Mean time per level.
                   A        B        C        D        E       F      G
               +--------+--------+--------+--------+--------+-----+--------+
         Total |    424 |    424 |      0 |      0 |    338 |   2 |  212.0 |
       Dungeon |    424 |    424 |      0 |      0 |    338 |   2 |  212.0 |
               +--------+--------+--------+--------+--------+-----+--------+

Top non-repeatable levels by time:
     D:1: 294 daAuts
     D:2: 130 daAuts
